 Dungeon Crawl Stone Soup version 0.31-a0-692-gf03d1854d5 (webtiles) character file.

Game seed: 3339203083831394677

209 Ijustatesigmund the Grasshopper (level 5, -3/27 HPs)
             Began as a Spriggan Warper on Sept 7, 2023.
             Slain by a river rat (8 damage)
             ... in a sewer.
             The game lasted 00:07:02 (3518 turns).

Ijustatesigmund the Grasshopper (Spriggan Warper)   Turns: 3518, Time: 00:07:03

Health: -3/27      AC:  3    Str:  9    XL:     5   Next: 55%
Magic:  10/10      EV: 18    Int: 15    God:
Gold:   192        SH:  0    Dex: 14    Spells: 7/9 levels left

rFire   + . .        j - +2 dagger (holy)
rCold   + . .        (no shield)
rNeg    . . .        b - +1 robe
rPois   .            (helmet restricted)
rElec   .            h - scarf {rC+ rF+}
rCorr   .            (gloves unavailable)
SInv    +            (boots unavailable)
Will    .....        (no amulet)
Stlth   +            (no ring)
HPRegen 0.24/turn    (no ring)
MPRegen 0.12/turn

%: no passive effects
@: slow
A: very small, no large weapons, unfitting armour, see invisible, speed 3
a: no special abilities


You were in a sewer.
You visited 1 branch of the dungeon, and saw 3 of its levels.
You also visited: Sewer.

You collected 192 gold pieces.

Inventory:

Hand Weapons
 a - a +0 short sword
 j - a +2 dagger of holy wrath (weapon)
Missiles
 d - 5 darts of dispersal (quivered)
Armour
 b - a +1 robe (worn)
 h - a scarf of resistance (worn)
Jewellery
 f - a ring of fire
Scrolls
 c - 2 scrolls of blinking
 k - 6 scrolls of teleportation
Potions
 e - a potion of magic
 g - a potion of resistance {unknown}
 i - 3 potions of berserk rage


   Skills:
 + Level 2.5 Fighting
 + Level 3.4 Short Blades
 + Level 2.4 Throwing
 + Level 4.4 Dodging
 + Level 3.4 Stealth
 - Level 2.8 Spellcasting
 - Level 4.6 Translocations


You had 7 spell levels left.
You knew the following spells:

 Your Spells              Type           Power      Damage    Failure   Level
a - Blink                 Tloc           30%        N/A       4%          2

Your spell library contained the following spells:

 Spells                   Type           Power      Damage    Failure   Level
 Lesser Beckoning         Tloc           30%        N/A       4%          2
 Teleport Other           Tloc           15%        N/A       10%         3
 Summon Small Mammal      Summ           8%         N/A       21%         1
 Manifold Assault         Tloc           15%        N/A       30%         4
 Call Canine Familiar     Summ           2%         N/A       52%         3
 Summon Guardian Golem    Hex/Summ       2%         N/A       52%         3
 Vhi's Electric Charge    Tloc/Air       18%        N/A       61%         4


Dungeon Overview and Level Annotations

Branches:
Dungeon (3/15)              Sewer (1/1)

Altars:
Kikubaaqudgha


Innate Abilities, Weirdness & Mutations

You are very small and have problems with some larger weapons.
You are too small for most types of armour.
You have supernaturally acute eyesight. (SInv)
You cover ground extremely quickly. (Speed+++)


Message History

You are too injured to fight recklessly!
You are too injured to fight recklessly!
You are too injured to fight recklessly!
You are too injured to fight recklessly!
You are too injured to fight recklessly!
The endoplasm attacks as it pursues you!
The endoplasm closely misses you.
The river rat attacks as it pursues you!
The river rat misses you. The rat attacks as it pursues you!
The rat closely misses you. The river rat closely misses you.
The river rat attacks as it pursues you!
The river rat closely misses you.
The river rat attacks as it pursues you!
The river rat barely misses you. The river rat bites you!
* * * LOW HITPOINT WARNING * * *
The river rat closely misses you.
You see here a rat corpse.
Throw: 7 darts (disperse)
Press: ? - help, Q - select action, (/) - cycle Shift-Dir - straight line, f - river rat
Aim: a river rat (heavily wounded, 53% to hit)
You throw a dart of dispersal.
The dart of dispersal closely misses the river rat.
The dart of dispersal completely misses the rat.
The dart of dispersal barely misses the endoplasm.
The dart of dispersal barely misses the rat.
The river rat misses you.
Throw: 6 darts (disperse)
Press: ? - help, Q - select action, (/) - cycle Shift-Dir - straight line, f/p - river rat
Aim: a river rat (heavily wounded, 53% to hit)
You throw a dart of dispersal.
The dart of dispersal closely misses the river rat.
The dart of dispersal hits the rat.
The rat blinks!
The river rat bites you.
* * * LOW HITPOINT WARNING * * *
The river rat misses you.
You see here a rat corpse.
It was a potion of magic.
Magic courses through your body. The river rat barely misses you.
The river rat bites you!
You die...

#.....†#
#.~~r~.#
#≈≈~~~~#
#≈≈~~~≈#
#≈≈≈~~≈#
#≈≈~r~≈#
#≈≈rJ≈≈#
#≈≈r††≈#
#≈~@r≈≈#
#≈.~~≈≈#
#≈~~≈≈≈#
#≈≈#~~≈#
#≈≈≈~~≈#
#≈≈≈~~≈#
#≈~≈~~≈#
#≈≈~≈≈≈#
#~~~≈~≈#


You could see 2 river rats, an endoplasm and 3 rats.

Vanquished Creatures
  A centaur (D:3)
  A river rat (Sewer)
  4 adders
  2 worms
  A dart slug (D:3)
  6 ball pythons
  8 endoplasms
  6 giant cockroaches
  5 goblins
  6 hobgoblins
  3 jackals (D:1)
  10 kobolds
  3 quokkas
  4 bats
  6 frilled lizards
  10 rats
76 creatures vanquished.

Notes
Turn   | Place    | Note
-------+----------+-------------------------------------------
     0 | D:1      | Ijustatesigmund the Spriggan Warper began the quest for the
                  | Orb.
     0 | D:1      | Reached XP level 1. HP: 10/10 MP: 5/5
   707 | D:1      | Reached XP level 2. HP: 11/15 MP: 6/6
   986 | D:1      | Learned a level 2 spell: Blink
  1036 | D:1      | Reached skill level 1 in Stealth
  1329 | D:1      | Reached XP level 3. HP: 17/18 MP: 8/8
  2885 | D:3      | Reached XP level 4. HP: 23/23 MP: 9/9
  2895 | D:3      | Found an ancient bone altar of Kikubaaqudgha.
  2908 | D:3      | Noticed a centaur
  2920 | D:3      | Killed a centaur
  2921 | D:3      | Reached XP level 5. HP: 11/27 MP: 10/10
  3178 | D:3      | Found a glowing drain.
  3241 | Sewer    | Entered a sewer
  3518 | Sewer    | Slain by a river rat

Illustrated notes

Levels and vault maps discovered:
D:1:      nzn_arrival_crosshair, layout_basic
D:2:      layout_basic, serial_aquarium, aquarium_bridge_square
          [aquarium_subvault_balcony, aquarium_subvault_wall,
          aquarium_subvault_bridge, aquarium_subvault_window],
          aquarium_window_1, aquarium_window_1, aquarium_view_2d,
          aquarium_view_2g, aquarium_balcony_3b, aquarium_pool_S,
          minmay_pentomino_z4
D:3:      layout_loops_ring, mainiacjoe_overflow_cross_hatched,
          gup_sewer_entry_glass, corner_web_ring, st_stairs_10
Sewer:    sewer_minmay_w

Skill      XL: |  1  2  3  4 |
---------------+-------------+-----
Stealth        | 1 2 3 |  3.4
Fighting       | 2 |  2.5
Short Blades   | 3 |  3.4
Throwing       | 2 |  2.4
Dodging        | 4 |  4.4
Spellcasting   | |  2.8
Translocations | |  4.6

Action                     |  1- 3 |  4- 6 || total
---------------------------+-------+-------++-------
  Melee: Short sword       |   212 |     2 ||   214
         Punch             |     1 |     1 ||     2
         Dagger            |       |   127 ||   127
  Throw: Dart              |       |     2 ||     2
    Use: Scroll            |     6 |       ||     6
         Potion            |       |     2 ||     2
   Stab: Distracted        |     1 |       ||     1
         Sleeping          |     6 |       ||     6
 Armour: Robe              |    53 |    46 ||    99
  Dodge: Dodged            |   162 |   153 ||   315

Table legend: (Time is in decaauts)
 A = Elapsed time spent in this place.
 B = Non-inter-level travel time spent in this place.
 C = Inter-level travel time spent in this place.
 D = Time resting spent in this place.
 E = Time spent auto-exploring this place.
 F = Levels seen in this place.
 G = Mean time per level.
                   A        B        C        D        E       F      G
               +--------+--------+--------+--------+--------+-----+--------+
         Total |   2740 |   2683 |     57 |    993 |   1093 |   4 |  685.0 |
       Dungeon |   2469 |   2412 |     57 |    805 |   1078 |   3 |  823.0 |
         Sewer |    271 |    271 |      0 |    188 |     15 |   1 |  271.0 |
               +--------+--------+--------+--------+--------+-----+--------+

Top non-repeatable levels by time:
     D:2: 1361 daAuts
     D:1: 816 daAuts
     D:3: 290 daAuts
   Sewer: 271 daAuts
